Cogmind - Beta 14 @@@ ROGUE MODE // 2025.01.05 @ 16:26:39 Player: mm79 Result: Self-destructed Performance ------------- Evolutions (0) 0 Regions Visited (4) 800 Robots Destroyed (23) 115 Value Destroyed (426) 426 Prototype IDs (23) 460 Alien Tech Used (0) 0 Bonus (300) 300 TOTAL SCORE: 2101 Bonus ------- Aligned with FarCom 300 Cogmind --------- Core Integrity 68/250 Matter 300/300 Energy 100/100 System Corruption 0% Temperature Cool (0) Movement Core (450) Ox8 Location -9/Mines Parts ------- > --- POWER (1) -------- (None) > --- PROPULSION (2) --- Light Treads > --- UTILITY (2) ------ Large Storage Unit > --- WEAPON (2) ------- Beam Cannon Heavy Assault Rifle > --- INVENTORY (15) --- Improved Ion Engine Armored Wheel Cooling System Cooling System High-capacity Storage Unit Medium Matter Pod (100) Medium Matter Pod (100) Medium Matter Pod (100) Medium Matter Pod (100) Shield Generator Trap Reconfigurator Light Assault Rifle Heavy Assault Rifle Mini Grenade Launcher Mining Laser Peak State ------------ > --- POWER ------------ Improved Ion Engine > --- PROPULSION ------- Light Treads Armored Wheel > --- UTILITY ---------- Large Storage Unit Medium Armor Plating > --- WEAPON ----------- Beam Cannon Heavy Assault Rifle > --- INVENTORY -------- Improved Ion Engine Armored Wheel Cooling System Cooling System High-capacity Storage Unit Medium Matter Pod Medium Matter Pod Medium Matter Pod Medium Matter Pod Shield Generator Trap Reconfigurator Light Assault Rifle Heavy Assault Rifle Mini Grenade Launcher Mining Laser [Rating: 14] Favorites ----------- Power Light Ion Engine Engine Light Ion Engine Propulsion Light Treads Treads Light Treads Wheel Armored Wheel Utility Seismic Detector Device Seismic Detector Storage Large Storage Unit Protection Medium Armor Plating Weapon Beam Cannon Energy Gun Small Laser Energy Cannon Beam Cannon Ballistic Gun Light Assault Rifle Launcher Grenade Launcher Special Weapon Mining Laser Build | -11 -10 -10 -10 -9 ------- Run | Yrd Mat Min Exi Min Slots Evolved . | . . . . . Power . | . . . . . Propulsion . | . . . . . Utility . | . . . . . Weapon . | . . . . . Parts Attached 30 | 7 13 3 . 7 Power 4 | 1 1 . . 2 Engine 4 | 1 1 . . 2 Core . | . . . . . Reactor . | . . . . . Propulsion 4 | 2 1 1 . . Treads 2 | 1 . 1 . . Leg . | . . . . . Wheel 2 | 1 1 . . . Hover . | . . . . . Flight . | . . . . . Utility 8 | 2 3 . . 3 Device 3 | 1 . . . 2 Storage 4 | 1 3 . . . Processor . | . . . . . Hackware . | . . . . . Protection 1 | . . . . 1 Artifact . | . . . . . Weapon 14 | 2 8 2 . 2 Energy Gun 1 | 1 . . . . Energy Cannon 6 | . 3 2 . 1 Ballistic Gun 2 | 1 . . . 1 Ballistic Cannon . | . . . . . Launcher 3 | . 3 . . . Special Weapon 2 | . 2 . . . Impact Weapon . | . . . . . Slashing Weapon . | . . . . . Piercing Weapon . | . . . . . Special Melee Weapon . | . . . . . Unidentified Prototypes . | . . . . . Parts Lost 4 | . 2 . . 2 Power 1 | . . . . 1 Propulsion 1 | . 1 . . . Utility . | . . . . . Weapon 2 | . 1 . . 1 Highest Loss Streak 2 | . 2 . . 1 To Critical Strikes . | . . . . . Average Slot Usage (%) 94 | . 88 100 100 96 Engine 10 | . 5 14 14 12 Treads 13 | . 12 14 14 14 Wheel 13 | . 14 14 14 12 Device 11 | . 14 14 14 5 Storage 14 | . 14 14 14 14 Protection 1 | . . . . 7 Energy Cannon 12 | . 9 14 14 14 Ballistic Gun 14 | . 14 14 14 14 Peak Build Rating 14 | 6 9 9 10 14 Average Rating 9 | 5 8 8 9 12 On Entrance 6 | . 6 7 9 10 Naked Turns . | . . . . . Heaviest Build 45 | 10 45 28 28 40 Greatest Support 20 | 10 20 12 12 20 Greatest Overweight (x) 8 | . 3 2 2 8 Average Overweight (x) 1 | . 1 2 2 2 Largest Inventory Capacity 20 | 8 20 15 15 15 Average Capacity 14 | 7 13 15 15 15 Most Carried 15 | 8 12 10 14 15 Average Carried 10 | 3 9 9 10 14 Final Capacity 15 | 8 15 15 15 15 Final Carried 15 | 8 10 10 14 15 Class Distribution -------------------- 100% | Mutant Dominant Class ---------------- Mutant | -10/Materials Mutant | -10/Mines Mutant | -10/Exiles Mutant | -9/Mines Resources | -11 -10 -10 -10 -9 ----------- Run | Yrd Mat Min Exi Min Matter Collected 978 | 279 108 44 300 247 Remotely . | . . . . . Salvage Created 554 | 110 215 30 . 199 Parts 54 | 14 24 4 . 12 Haulers Intercepted . | . . . . . Recyclers Shooed 1 | 1 . . . . Parts Field Recycled . | . . . . . Retrieved Matter . | . . . . . Parts Self-Destructed . | . . . . . Prevented . | . . . . . Kills | -11 -10 -10 -10 -9 ------- Run | Yrd Mat Min Exi Min Combat Hostiles Destroyed 13 | . 7 2 . 4 Guns 3 | . 1 . . 2 Cannons 5 | . 2 2 . 1 AOE 4 | . 4 . . . Classes Destroyed 8 | 1 5 . . 2 Worker 2 | . 2 . . . Builder 1 | . 1 . . . Tunneler 5 | 5 . . . . Watcher 2 | . 2 . . . Swarmer 7 | . 5 2 . . Grunt 3 | . 2 . . 1 Duelist 1 | . . . . 1 Sentry 2 | . . . . 2 Best Kill Streak 5 | 5 4 2 . 2 Combat Bots Only 3 | . 3 2 . 2 Max Kills in Single Turn 3 | 1 3 1 . 1 Gunslinging . | . . . . . Exploded 2 | . 2 . . . Melee . | . . . . . Uniques/NPCs Destroyed . | . . . . . Combat | -11 -10 -10 -10 -9 -------- Run | Yrd Mat Min Exi Min Hostile Shots Fired 99 | . 54 18 . 27 Missed 35 | . 18 8 . 9 Damage Taken 831 | . 411 85 . 335 Core 182 | . 121 17 . 44 Absorbed by Shields . | . . . . . Core Remaining (%) 100 | 100 . . . . Volleys Fired 44 | 9 16 5 . 14 Largest 2 | 2 2 2 . 2 Hottest 100 | 60 100 80 . 80 Shots Fired 80 | 18 26 10 . 26 Gun 45 | 18 10 5 . 12 Cannon 28 | . 9 5 . 14 Launcher 5 | . 5 . . . Special 2 | . 2 . . . Kinetic 36 | 9 10 5 . 12 Thermal 39 | 9 11 5 . 14 Explosive 5 | . 5 . . . Electromagnetic . | . . . . . Robot Hit Streak 8 | 8 5 4 . 7 Robot Miss Streak 4 | 1 2 4 . 2 Penetration Max . | . . . . . Secondary Targets . | . . . . . Shots Hit Robots 45 | 11 10 6 . 18 Core Hits 31 | 5 17 2 . 7 Critical Kills 1 | . . . . 1 Critical Parts Destroyed 1 | 1 . . . . Critical Strikes 2 | 1 . . . 1 Meltdown 1 | . . . . 1 Destroy 1 | 1 . . . . Melee Attacks . | . . . . . Impact . | . . . . . Slashing . | . . . . . Piercing . | . . . . . Sneak Attacks . | . . . . . Combat Hostiles . | . . . . . Follow-up Attacks . | . . . . . Damage Inflicted 959 | 112 539 73 . 235 Guns 256 | 112 46 22 . 76 Cannons 331 | . 121 51 . 159 Explosions 372 | . 372 . . . Melee . | . . . . . Ramming . | . . . . . Kinetic 171 | 27 46 22 . 76 Thermal 416 | 85 121 51 . 159 Explosive 253 | . 253 . . . Electromagnetic 119 | . 119 . . . Impact . | . . . . . Slashing . | . . . . . Piercing . | . . . . . Highest Corruption . | . . . . . Average Corruption . | . . . . . Corruption Purged . | . . . . . Corruption Blocked . | . . . . . Overload Shots . | . . . . . Overflow Damage . | . . . . . Projectiles . | . . . . . Explosions . | . . . . . Melee . | . . . . . Knockbacks . | . . . . . Impact . | . . . . . Kinetic . | . . . . . Secondary . | . . . . . Self-Inflicted Damage 58 | . 58 . . . Shots 3 | . 3 . . . Rammed . | . . . . . Targets Rammed . | . . . . . Kicked . | . . . . . Crushed . | . . . . . Highest Temperature 80 | 20 80 50 . 58 Average Temperature 26 | 9 35 26 . 29 Received Heat Transfer 243 | . 153 . . 90 Siege Activations . | . . . . . Robots Corrupted . | . . . . . Combat Hostiles . | . . . . . Parts Fried . | . . . . . Impact Corruptions . | . . . . . Robots Melted 1 | . . . . 1 Combat Hostiles 1 | . . . . 1 Parts Melted 2 | . . . . 2 Heat Transferred 903 | 200 259 111 . 333 Parts Sabotaged . | . . . . . Parts Stolen . | . . . . . Parts Stripped . | . . . . . Power Chain Reactions . | . . . . . Alert | -11 -10 -10 -10 -9 ------- Run | Yrd Mat Min Exi Min Peak Influence 385 | 25 385 200 . 87 Initial 150 | . 16 150 . . Average 102 | 8 103 198 . 48 Maximum Alert Level 1 | . 1 1 . . Low Security (%) 74 | 100 91 3 . 100 Level 1 25 | . 8 96 . . Level 2 . | . . . . . Level 3 . | . . . . . Level 4 . | . . . . . Level 5 . | . . . . . High Security . | . . . . . Max Security . | . . . . . Squads Dispatched 5 | . 5 . . . Investigation 4 | . 4 . . . Extermination . | . . . . . Reinforcement 1 | . 1 . . . Assault . | . . . . . Garrison . | . . . . . Intercept . | . . . . . Searches Triggered . | . . . . . Construction Impeded . | . . . . . Haulers Reinforced . | . . . . . Active Scanning Responses . | . . . . . Cargo Convoy Interrupts . | . . . . . Stealth | -11 -10 -10 -10 -9 --------- Run | Yrd Mat Min Exi Min Distress Signals 2 | . 2 . . . Communications Jammed . | . . . . . Distress Signals . | . . . . . Times Spotted 31 | . 25 3 . 3 Peak Tracking Total 9 | . 9 3 . 2 Tactical Retreats 3 | . 3 . . . Traps | -11 -10 -10 -10 -9 ------- Run | Yrd Mat Min Exi Min Traps Triggered 7 | . 3 . . 4 Indirectly 2 | . 2 . . . Trap Hack Attempts . | . . . . . Triggered . | . . . . . Disarmed . | . . . . . Reprogrammed . | . . . . . Reused . | . . . . . Traps Extracted . | . . . . . Installed . | . . . . . Triggered . | . . . . . Machines | -11 -10 -10 -10 -9 ---------- Run | Yrd Mat Min Exi Min Machines Disabled 3 | . 3 . . . Max in Single Turn 2 | . 2 . . . Machines Repaired . | . . . . . Machines Dismantled . | . . . . . Machines Sabotaged . | . . . . . Overloaded Fab Kills . | . . . . . Hacking | -11 -10 -10 -10 -9 --------- Run | Yrd Mat Min Exi Min Machines Accessed 13 | . 7 . 5 1 Terminals 5 | . 5 . . . Fabricators . | . . . . . Repair Stations . | . . . . . Recycling Units 2 | . 2 . . . Scanalyzers . | . . . . . Garrison Access . | . . . . . Total Hacks 71 | . 20 . 50 1 Successful 63 | . 12 . 50 1 Failed 7 | . 7 . . . Catastrophic 1 | . 1 . . . Database Lockouts 1 | . 1 . . . Manual 17 | . 16 . 1 . Terminals 15 | . 15 . . . Fabricators . | . . . . . Repair Stations . | . . . . . Recycling Units 5 | . 5 . . . Scanalyzers . | . . . . . Garrison Access . | . . . . . Terminal Hacks 55 | . 4 . 50 1 Record 49 | . . . 49 . Robot Analysis 1 | . 1 . . . Open Door 1 | . . . . 1 Terminal Index 1 | . 1 . . . Recycling Unit Index 1 | . 1 . . . Hauler Manifests 1 | . 1 . . . Derelict Proto ID Bank 1 | . . . 1 . Fabricator Hacks . | . . . . . Repair Station Hacks . | . . . . . Recycling Unit Hacks 2 | . 2 . . . Report Inventory 2 | . 2 . . . Scanalyzer . | . . . . . Garrison Access Hacks . | . . . . . Unauthorized Hacks 6 | . 6 . . . Terminals 3 | . 3 . . . Botnet 2 | . 2 . . . Operators 1 | . 1 . . . Fabricators . | . . . . . Repair Stations . | . . . . . Recycling Units 3 | . 3 . . . Reject 1 | . 1 . . . Tunnel 2 | . 2 . . . Scanalyzers . | . . . . . Garrison Access . | . . . . . Data Cores Recovered . | . . . . . Used . | . . . . . Hacking Detections 5 | . 5 . . . Full Trace Events . | . . . . . Feedback Events . | . . . . . Feedback Blocked . | . . . . . Robot Schematics Acquired . | . . . . . Robots Built . | . . . . . Authchips . | . . . . . Time . | . . . . . Total Robot Build Rating . | . . . . . Part Schematics Acquired . | . . . . . Parts Built . | . . . . . Authchips . | . . . . . Time . | . . . . . Total Part Build Rating . | . . . . . Parts Repaired . | . . . . . Time . | . . . . . Parts Recycled . | . . . . . Recycled Matter . | . . . . . Retrieved Matter . | . . . . . Retrieved Components . | . . . . . Parts Scanalyzed . | . . . . . Part Schematics Acquired . | . . . . . Parts Damaged . | . . . . . Bothacking | -11 -10 -10 -10 -9 ------------ Run | Yrd Mat Min Exi Min Used RIF Installer . | . . . . . Robots Hacked . | . . . . . Non-combat . | . . . . . Combat . | . . . . . Robot Hacks Applied . | . . . . . Relay Couplers Released . | . . . . . Fabnet Peak Effective % . | . . . . . Robots Rewired . | . . . . . Allies Hacked . | . . . . . Hacks Repelled . | . . . . . Allies | -11 -10 -10 -10 -9 -------- Run | Yrd Mat Min Exi Min Total Allies . | . . . . . Largest Group . | . . . . . Highest-Rated Group . | . . . . . Highest-Rated Ally . | . . . . . Total Orders . | . . . . . Ally Attacks . | . . . . . Total Damage . | . . . . . Kills . | . . . . . Allies Corrupted . | . . . . . Allies Melted . | . . . . . Intel | -11 -10 -10 -10 -9 ------- Run | Yrd Mat Min Exi Min Robot Analysis Total 1 | . 1 . . . Derelict Logs Recovered 1 | . . . . 1 Drone Launches . | . . . . . Drone Recoveries . | . . . . . Exploration | -11 -10 -10 -10 -9 ------------- Run | Yrd Mat Min Exi Min Turns Passed 2086 | 83 716 384 361 542 Spaces Moved 1507 | 47 519 305 298 338 Core 15 | 6 . . . 9 Treads 18 | . 5 . . 13 Legs . | . . . . . Wheels 1474 | 41 514 305 298 316 Hover . | . . . . . Flight . | . . . . . Fastest Speed 50 | 50 80 120 120 120 Average Speed 120 | 76 111 120 120 142 Slowest Speed 450 | 80 240 120 120 450 Overloaded Moves . | . . . . . Propulsion Burnouts . | . . . . . Robots Hopped . | . . . . . Cave-ins Triggered . | . . . . . Exploration Rate (%) 54 | 3 69 68 61 72 Regions Visited 4 Branch Regions 3 Pre-discovered Areas 4 | . 2 . 1 1 Known Exits Taken . | . . . . . Unknown Exits Taken 4 | 1 1 1 1 . Scrap Searched 2 | . . . . 2 Spaces Dug 8 | . 8 . . . Terrain Destroyed 21 | . 21 . . . Melee . | . . . . . Projectile 2 | . 2 . . . AOE 19 | . 19 . . . Terrain Rammed . | . . . . . Walls Destroyed . | . . . . . Machines Disabled . | . . . . . Actions | -11 -10 -10 -10 -9 --------- Run | Yrd Mat Min Exi Min Total 1696 | 74 630 314 301 377 Wait 61 | 3 54 . . 4 Move 1503 | 46 518 304 297 338 Hop . | . . . . . Pick Up 36 | 8 17 1 4 6 Fast Attach 14 | 7 3 1 . 3 Attach 6 | . 1 2 . 3 Detach 3 | . . 1 . 2 Swap 10 | . 9 . . 1 Drop 19 | 1 12 . . 6 Fire 44 | 9 16 5 . 14 Melee . | . . . . . Ram . | . . . . . Kick . | . . . . . Crush . | . . . . . Escape Stasis . | . . . . . Rewire . | . . . . . Trap . | . . . . . Miscellaneous . | . . . . . Route ------- -11/Scrapyard -10/Materials (discovered 2 exits: [*Mat] / [*Min]) -10/Mines (discovered 2 exits: [*Mat] / *Exi) -10/Exiles -9/Mines (discovered 2 exits: [*Mat x2]) History --------- Turn | Location | Event 25 | -11/Scrapyard | Discovered new exit (range 14) 84 | -11/Scrapyard | Entered Materials 302 | -10/Materials | Discovered new exit (range 9) 311 | -10/Materials | Build established: Mutant 427 | -10/Materials | Discovered new exit (range 15) 442 | -10/Materials | Central database locked down 800 | -10/Materials | Entered Mines 802 | -10/Mines | Core integrity fell below 50% 845 | -10/Mines | Discovered new exit (range 12) 1069 | -10/Mines | Deemed a non-threat by the Exiles lab entrance 1069 | -10/Mines | Discovered new exit (range 5) 1184 | -10/Mines | Entered Exiles 1216 | -10/Exiles | Met 8R-AWN 1236 | -10/Exiles | Met EX-HEX 1268 | -10/Exiles | Met EX-BIN 1283 | -10/Exiles | Aligned with FarCom system 1284 | -10/Exiles | Given EX-Vault access code 1312 | -10/Exiles | Opened EX-Vault 1320 | -10/Exiles | Found Trap Reconfigurator 1344 | -10/Exiles | Warned to stay clear of 0b10 Research branches 1459 | -10/Exiles | Met EX-DEC 1467 | -10/Exiles | Learned location of Zion (-7) 1534 | -10/Exiles | Discovered new exit (range 10) 1545 | -10/Exiles | Left Exiles lab with Trap Reconfigurator 1545 | -10/Exiles | Entered Mines 1569 | -9/Mines | Discovered new exit (range 15) 1898 | -9/Mines | Discovered new exit (range 14) 2043 | -9/Mines | Met a Derelict who couldn't figure out how to use a Trap Extractor 2087 | -9/Mines | Self-destructed Last Messages --------------- 02043_ Machine disabled. 02043_ SHOP.Sys disabled. 02043_ Machine disabled. 02045_ Triggered Blade Trap. 02045_ Massive razor-sharp blades shoot up from within the floor. 02045_ Imp. Ion Engine severed. 02045_ Med. Armor Plating severed. 02045_ Arm. Wheel severed. 02045_ K-01 Serf collects debris. 02051_ Triggered Explosive Trap. 02051_ An explosion rips through the floor. 02051_ K-01 Serf destroyed. 02051_ U-05 Engineer lays Concrete. 02053_ U-05 Engineer builds a Wall. 02057_ U-05 Engineer lays Concrete. 02075_ U-05 Engineer builds a Wall. 02082_ Triggered Explosive Trap. 02082_ An explosion rips through the floor. 02084_ U-05 Engineer lays Concrete. Map ----- +----------------------------------------------------+ | | | | | | | | | | | | | | | | | | | | | | | | | | | | | | | | | | | ???????????????????????????????????????????? | | ???????????????????????????????????????????? | | ???????????????????????????????????????????? | | ???????????????????????????????????????????? | | ??????????????????????##########???????????? | | ??????????????????????# " #???????????? | | ??????????????????????# ][/= ##???????????? | | ???????????????????????# =! [ ##???????????? | | ????????????? ????????## @! u###???????????? | | ?????????????# ??????## = ##????????????? | | ?????????????# ??????# =% ###??????????? | | ?????????????# ??????# * #??????????? | | ?????????????# ????## ##??????????? | | ???? ??????# ##### ####???????????? | | ??? #### # #####??????????????? | | ????# ##??????????????????? | | ?????# ###???????????????????? | | ??????# ####### ##?????????????????????? | | ????????????????# ##???????######?????????? | | ????????????????# #???????## [##????????? | | ????????????????# #???????# !%#????????? | | ????????????????# ##??????# *##???????? | | ????????????????# ##?????## ! ###?????? | | ???????????????## ##?????## ##????? | | ??????????###### ##?????## #????? | | ??????????# ######## #????? | | ?????????# ## #????? | | ?????????## ## ##### ### ##???? | | ??????????# #?## ##### ### #???? | | ??????????# ???## ## #???? | | ??????????# ????## #??? | | ??????????## ??????## """ #### #??? | | ?????????############# """ #???# #??? | +----------------------------------------------------+ Best States ------------- Heat Dissipation 47 Energy Generation 12 Energy Capacity 265 Matter Stores 300 Matter Capacity 300 Sight Range 16 Terrain Scan Density 10 Armor Coverage 225 Evasion (%) 50 Recoil Reduction 1 Item Schematics ----------------- None Robot Schematics ------------------ None Fabricated ------------ Nothing Alien Tech Used ----------------- None Achievements -------------- Librarian Party Time Challenges ------------ None Game ------ Seed GyrokineticRemoteBlaster Manual? 0 Play Time 00:31:33 Cumulative 15.4 hours Start 2025.01.05 @ 14:19:20 End 2025.01.05 @ 16:26:39 Sessions 1 Manual Loads 0 Difficulty Rogue Special Mode None Game No. 13 Rogue 13 Adventurer 0 Explorer 0 Win Type - Total 0 Types 0/0/0/0/0/0/0/0/0 Lore% 5 Gallery% 13 Achievement% 16 Wizard Run 0 Options --------- Layout 1 ASCII 0 Keyboard 0 Movement Mouse Keybinds 0 Fullscreen 1 Font 24/Smallcaps Map View 50x35 Zoom Use 0% Tactical HUD 1 Map Filters NONE Filters NONE Steam 0 RUN: 33066617-6f1d-489d-a429-ecd8ba00134e